 Dungeon Crawl Stone Soup version 0.28.0-53-g5a82cb258f (webtiles) character file.

Game seed: 11285347862906827327

902237 Infinimo the Petrodigitator (level 27, -23/165 (199) HPs)
             Began as a Gargoyle Earth Elementalist on June 5, 2022.
             Was the Champion of Vehumet.
             Killed from afar by Antaeus (33 damage)
             ... with a flash freeze
             ... on level 7 of Cocytus on June 10, 2022.
             The game lasted 04:25:23 (127894 turns).

Infinimo the Petrodigitator (GrEE)                Turns: 127894, Time: 04:25:24

HP:   -23/165 (199) AC: 32    Str: 14      XL:     27
MP:   5/54          EV: 16    Int: 23 (28) God:    Vehumet [******]
Gold: 12052         SH: 35    Dex: 12      Spells: 33/80 levels left

rFire   + + .      SeeInvis +   e - staff of earth
rCold   + + .      Faith    .   f - +18 shield of the Gong {rElec rN+ Will+ EV-5}
rNeg    + + +      Spirit   .   H - +2 robe {rN+}
rPois   ∞          Reflect  .   V - +1 helmet {SInv}
rElec   +          Harm     .   u - scarf {repulsion}
rCorr   +          Rampage  .   B - +0 pair of gloves of Syndicalism {Drain rF++ rCorr}
Will    ++++.                   Y - +2 pair of boots {Fly}
Stlth   ++........              M - amulet of magic regeneration
HPRegen 0.37/turn               t - ring of protection from cold
MPRegen 0.74/turn               N - ring of protection from cold

@: about to teleport, flying, studying 4 skills, heavily drained, repel
missiles, frozen potions
A: sickness immunity, AC +20, big wings, negative energy resistance 1,
electricity resistance, torment resistance 1, petrification resistance,
iridescent scales 1, agile 1, deterioration 1, strong-willed 1, subdued magic 1
}: 6/15 runes: decaying, serpentine, slimy, golden, iron, obsidian
a: Renounce Religion


You were on level 7 of Cocytus.
You worshipped Vehumet.
Vehumet was exalted by your worship.
You visited 18 branches of the dungeon, and saw 84 of its levels.
You visited the Abyss 1 time.
You also visited: Trove.

You collected 13127 gold pieces.
You spent 1075 gold pieces at shops.

Inventory:

Hand Weapons
 a - the +7 sceptre of Asmodeus
   (You took it off Asmodeus on level 7 of Gehenna)

   It can be evoked to summon fiery demons, with success rate depending on
   Evocations skill.
   Those summoned this way will remain friendly only for a limited time.
 b - the +4 staff of Dispater
   (You took it off Dispater on level 7 of the Iron City of Dis)

   It can be evoked to hurl damnation at the cost of health and magic, with
   strength depending on Evocations skill.
Missiles
 c - 609 stones
 A - 4 throwing nets
Armour
 f - the +18 shield of the Gong (worn) {rElec rN+ Will+ EV-5}
   (You found it on level 7 of the Iron City of Dis)

   It is deafeningly noisy when blocking attacks.
   EV:        It affects your evasion (-5).
   rElec:     It insulates you from electricity.
   rN:        It protects you from negative energy.
   Will:      It increases your willpower.
 u - a scarf of repulsion (worn)
 y - a +1 cloak of stealth
 B - the +0 pair of gloves of Syndicalism (worn) {Drain rF++ rCorr}
   (You found it on level 3 of the Depths)

   rF:        It greatly protects you from fire.
   rCorr:     It protects you from acid and corrosion.
   Drain:     It drains your maximum health when unequipped.
 G - a +2 robe of the Archmagi
 H - a +2 robe of positive energy (worn)
 P - the +2 pair of gloves of Failure {rPois}
   (You found it on level 7 of Gehenna)

   rPois:     It protects you from poison.
 V - a +1 helmet of see invisible (worn)
 Y - a +2 pair of boots of flying (worn)
Magical Staves
 e - a staff of earth (weapon)
Jewellery
 q - the ring "Civewocs" {rN+ Int+3}
   (You found it on level 6 of the Lair of Beasts)

   [ring of positive energy]

   Int:       It affects your intelligence (+3).
   rN:        It protects you from negative energy.
 s - the ring of Geefehio {Wiz rF+ Str+3}
   (You acquired it on level 3 of the Depths)

   [ring of wizardry]

   It improves your spell success rate.
   Str:       It affects your strength (+3).
   rF:        It protects you from fire.
 t - a ring of protection from cold (left hand)
 E - a +6 ring of intelligence
 M - an amulet of magic regeneration (around neck)
 N - a ring of protection from cold (right hand)
 O - the ring "Eskobith" {rPois Str+6 Dex+2 Slay+2}
   (You found it on level 7 of Gehenna)

   [ring of strength]

   Str:       It affects your strength (+6).
   Dex:       It affects your dexterity (+2).
   Slay:      It affects your accuracy & damage with ranged weapons and melee
   (+2).
   rPois:     It protects you from poison.
 U - a ring of protection from fire
 Z - a ring of see invisible
Wands
 m - a wand of polymorph (62)
 o - a wand of flame (108)
 v - a wand of paralysis (40)
 x - a wand of iceblast (67)
 F - a wand of acid (36)
 J - a wand of mindburst (42)
 R - a wand of digging (24)
Scrolls
 g - 6 scrolls of silence
 l - 11 scrolls of enchant weapon
 n - 12 scrolls of teleportation
 r - 2 scrolls of holy word
 w - 6 scrolls of amnesia
 C - 2 scrolls of fear
 D - 3 scrolls of brand weapon
 I - 5 scrolls of fog
 T - 3 scrolls of magic mapping
 W - 2 scrolls of summoning
Potions
 d - 4 potions of haste
 h - 22 potions of curing
 i - 4 potions of brilliance
 j - 5 potions of magic
 k - a potion of invisibility
 p - 3 potions of might
 z - 3 potions of mutation
 K - a potion of cancellation
 L - 5 potions of ambrosia
 Q - 2 potions of resistance
 X - 3 potions of berserk rage
Miscellaneous
 S - a figurine of a ziggurat


   Skills:
 O Level 27 Fighting
 + Level 20.9 Dodging
 - Level 2.1 Stealth
 O Level 27 Shields
 O Level 27 Spellcasting
 O Level 27 Conjurations
 - Level 7.4 Summonings
 - Level 0.7 Transmutations
 O Level 27 Earth Magic


You had 33 spell levels left.
You knew the following spells:

 Your Spells              Type           Power      Damage    Failure   Level
a - Sandblast             Erth           100%       2d20      0%          1
b - Stone Arrow           Conj/Erth      100%       3d13      0%          3
c - Conjure Flame         Conj/Fire      64%        6-21      0%          3
d - Iron Shot             Conj/Erth      54%        9d10      0%          6
e - Blink                 Tloc           46%        N/A       1%          2
f - Iskenderun's Battles  Conj           88%        2d14      0%          5
g - Spellforged Servitor  Conj/Summ      35%        N/A       1%          7
h - Lehudib's Crystal Sp  Conj/Erth      54%        10d13     1%          8
i - Shatter               Erth           54%        3d41*     1%          9
j - Swiftness             Air            23%        N/A       2%          3

Your spell library contained the following spells:

 Spells                   Type           Power      Damage    Failure   Level
 Maxwell's Capacitive Co  Air            11%        ∞         100%        8
 Polar Vortex             Ice            11%        N/A       100%        9
 Foxfire                  Conj/Fire      100%       2x1d9     0%          1
 Magic Dart               Conj           100%       1d8       0%          1
 Shock                    Conj/Air       100%       1d9       0%          1
 Passwall                 Tmut/Erth      69%        N/A       0%          2
 Static Discharge         Conj/Air       64%        N/A       0%          2
 Dazzling Flash           Conj/Hex       100%       N/A       0%          3
 Animate Armour           Summ/Erth      100%       N/A       0%          4
 Flame Wave               Conj/Fire      64%        2d12      0%          4
 Fulminant Prism          Conj/Hex       32%        3d16      0%          4
 Hailstorm                Conj/Ice       64%        3d14      0%          4
 Iskenderun's Mystic Bla  Conj/Tloc      64%        2d13      0%          4
 Petrify                  Tmut/Erth      83%        N/A       0%          4
 Sticky Flame             Conj/Fire      64%        2d8       0%          4
 Lee's Rapid Deconstruct  Erth           54%        3d26*     0%          5
 Orb of Destruction       Conj           44%        9d12      0%          7
 Apportation              Tloc           46%        N/A       1%          1
 Freeze                   Ice            92%        1d10      1%          1
 Pain                     Necr           92%        1d8       1%          1
 Sting                    Tmut/Pois      100%       1d8       1%          1
 Call Imp                 Summ           50%        N/A       1%          2
 Corpse Rot               Necr/Air       46%        N/A       1%          2
 Ensorcelled Hibernation  Hex/Ice        46%        N/A       1%          2
 Poisonous Vapours        Pois/Air       46%        N/A       1%          2
 Call Canine Familiar     Summ           50%        N/A       1%          3
 Frozen Ramparts          Ice            46%        1d6       1%          3
 Ignite Poison            Fire/Tmut/Pois 24%        N/A       1%          3
 Inner Flame              Hex/Fire       23%        N/A       1%          3
 Mephitic Cloud           Conj/Pois/Air  54%        N/A       1%          3
 Spider Form              Tmut/Pois      25%        N/A       1%          3
 Leda's Liquefaction      Hex/Erth       41%        N/A       1%          4
 Summon Ice Beast         Ice/Summ       37%        N/A       1%          4
 Summon Lightning Spire   Summ/Air       37%        N/A       1%          4
 Borgnjor's Vile Clutch   Necr/Erth      41%        N/A       1%          5
 Fireball                 Conj/Fire      32%        3d14      1%          5
 Freezing Cloud           Conj/Ice/Air   27%        6-21      1%          5
 Irradiate                Conj/Tmut      32%        3d24      1%          5
 Lightning Bolt           Conj/Air       32%        1d49      1%          5
 Conjure Ball Lightning   Conj/Air       32%        3x3d10    1%          6
 Starburst                Conj/Fire      32%        6d10      1%          6
 Confusing Touch          Hex            23%        N/A       2%          3
 Gell's Gravitas          Tloc           23%        N/A       2%          3
 Lesser Beckoning         Tloc           23%        N/A       2%          3
 Ozocubu's Armour         Ice            23%        N/A       2%          3
 Portal Projectile        Hex/Tloc       46%        N/A       2%          3
 Teleport Other           Tloc           23%        N/A       2%          3
 Tukima's Dance           Hex            23%        N/A       2%          3
 Vampiric Draining        Necr           23%        2d7       2%          3
 Airstrike                Air            11%        N/A       2%          4
 Olgreb's Toxic Radiance  Pois           23%        N/A       2%          4
 Summon Forest            Summ/Tloc      18%        N/A       4%          5
 Summon Mana Viper        Hex/Summ       37%        N/A       4%          5
 Yara's Violent Unravell  Hex/Tmut       12%        3d7       5%          5
 Ice Form                 Ice/Tmut       25%        N/A       7%          4
 Anguish                  Hex/Necr       11%        N/A       8%          4
 Animate Dead             Necr           11%        N/A       8%          4
 Dispel Undead            Necr           23%        3d12      8%          4
 Passage of Golubria      Tloc           23%        N/A       8%          4
 Blade Hands              Tmut           13%        N/A       17%         5
 Alistair's Intoxication  Tmut/Pois      16%        N/A       21%         5
 Excruciating Wounds      Necr           11%        N/A       22%         5
 Manifold Assault         Tloc           23%        N/A       22%         5
 Metabolic Englaciation   Hex/Ice        11%        N/A       22%         5
 Silence                  Hex/Air        11%        N/A       22%         5
 Eringya's Noxious Bog    Tmut/Pois      12%        N/A       28%         6
 Monstrous Menagerie      Summ           25%        N/A       32%         7
 Summon Hydra             Summ           25%        N/A       32%         7
 Chain Lightning          Conj/Air       32%        3d42      63%         9
 Fire Storm               Conj/Fire      32%        8d8       63%         9
 Death Channel            Necr           11%        N/A       80%         6
 Dispersal                Tloc           11%        N/A       80%         6
 Simulacrum               Ice/Necr       11%        N/A       80%         6
 Haunt                    Necr/Summ      18%        N/A       86%         7
 Malign Gateway           Summ/Tloc      18%        N/A       86%         7
 Ozocubu's Refrigeration  Ice            11%        4d7       86%         7
 Summon Horrible Things   Summ           25%        N/A       96%         8
 Dragon Form              Tmut           13%        N/A       99%         7
 Enfeeble                 Hex            11%        N/A       100%        7
 Storm Form               Tmut/Air       12%        N/A       100%        7
 Borgnjor's Revivificati  Necr           11%        N/A       100%        8
 Disjunction              Tloc           11%        N/A       100%        8
 Ignition                 Fire           11%        3d5       100%        8
 Necromutation            Tmut/Necr      12%        N/A       100%        8
 Death's Door             Necr           11%        N/A       100%        9
 Sublimation of Blood     Necr           Unusable   N/A       N/A         2
 Statue Form              Tmut/Erth      Unusable   N/A       N/A         6

Dungeon Overview and Level Annotations

Branches:
Dungeon (15/15)            Temple (1/1) D:7            Lair (6/6) D:8
  Swamp (4/4) Lair:3        Snake (4/4) Lair:3        Slime (5/5) Lair:5
    Orc (2/2) D:12            Elf (3/3) Orc:2        Vaults (5/5) D:13
  Crypt (3/3) Vaults:2       Tomb (3/3) Crypt:3      Depths (4/4) D:15
   Hell (visited)             Dis (7/7) Hell            Geh (7/7) Hell
    Coc (7/7) Hell            Tar (2/7) Hell            Zot (5/5) Depths:4

Altars:
Ashenzari
Cheibriados
Dithmenos
Elyvilon
Fedhas
Gozag
Hepliaklqana
Kikubaaqudgha
Makhleb
Nemelex Xobeh
Okawaru
Qazlal
Ru
Sif Muna
Trog
Uskayaw
Vehumet
Wu Jian
Xom
Yredelemnul
Zin
The Shining One
Beogh
Jiyva

Shops:
D:5 **   D:12 ([(   D:14 [   Orc:2 *:[(?   Elf:2 (   Snake:1 (   Snake:4 ==
Vaults:1 (   Vaults:2 (

Portals:
Hell: Depths:1 Depths:2 Depths:3 Depths:4
Abyss: Depths:1 Depths:3 Depths:4
Pandemonium: Depths:1 Depths:2 Depths:4
Ziggurat: Depths:3

Annotations:
D:11 3 runed translucent doors, Peloso's ghost, novice MiFi
D:13 2 exclusions
Lair:3 1 runed translucent door, Infinimo's ghost, journeyman OgGl
Coc:7 Antaeus


Innate Abilities, Weirdness & Mutations

You are immune to sickness and miasma.
Your stone body is resilient. (AC +20)
You are immune to poison.
Your large and strong wings let you fly.
You resist negative energy. (rN+)
You are resistant to electric shocks. (rElec)
You are resistant to unholy torment.
You are immune to petrification.
You are partially covered in iridescent scales. (AC +2)
You are agile. (Dex +2)
Your body sometimes deteriorates upon taking damage.
You are strong-willed. (Will+)
Your spells are a little easier to cast, but a little less powerful.


Message History

Casting: Lehudib's Crystal Spear (safe; 1% risk of failure)
Confirm with . or Enter, or press ? or * to list all spells.
Aiming: Lehudib's Crystal Spear (safe; 1% risk of failure)
Press: ? - help, Shift-Dir - straight line, f/p - Antaeus
Aim: Antaeus, wielding a +2 great sword of flaming and wearing the ring "Yggerey" {Fire Fly Dex+2} (water, severely wounded, ally target, 96% to hit)
You feel a surge of power!
The crystal spear hits Antaeus!!!
Antaeus is severely wounded.
Your battlesphere fires!
The barrage of energy hits Antaeus!
Antaeus is severely wounded.
You block the quicksilver dragon simulacrum's attack.
BONNNG!
You block the quicksilver dragon simulacrum's attack.
BOUMMMMG!
Antaeus hits you with a +2 great sword of flaming!!!
* * * LOW HITPOINT WARNING * * *
Antaeus freezes you! You resist.
* * * LOW HITPOINT WARNING * * *
Antaeus burns you.
* * * LOW HITPOINT WARNING * * *
Antaeus barely misses you.
Okay, then.
Okay, then.
It's too cold; everything's frozen solid!
As you read the scroll of teleportation, it crumbles to dust.
You feel strangely unstable.
You block the quicksilver dragon simulacrum's attack.
BONNNG!
You block the quicksilver dragon simulacrum's attack.
PANG!
Antaeus gestures at you. The bolt of lightning hits you! You resist.
* * * LOW HITPOINT WARNING * * *
The quicksilver dragon simulacrum bites you but does no damage.
You block the quicksilver dragon simulacrum's attack.
GONNNNG!
Okay, then.
Antaeus gestures at you. The flash freeze hits you!! You partially resist.
You die...

#....##...≈≈....##..........≈≈≈≈≈
....##...≈≈....##......≈≈≈≈≈≈≈≈≈≈
....##...≈≈...##.....≈≈≈≈≈≈≈≈≈≈≈≈
....##..≈≈≈..##....≈≈≈≈≈#####≈≈≈≈
....##..≈≈≈.##....≈≈≈≈≈## ##≈≈#
....##..≈≈≈.##...≈≈≈≈≈≈# ####
....##..≈≈≈.##...≈≈≈*≈≈#
....##..≈≈≈..#..≈≈≈≈≈≈≈#####.
....##..≈≈≈≈.#.≈@≈≈≈≈9≈'...'.φ
....##..≈≈≈≈.#.≈≈≈C≈≈≈≈'...'..
....##..≈≈≈≈.#.≈≈≈Z≈≈≈≈#####..
....##..≈≈≈..#..≈≈≈≈≈≈≈#
....##..≈≈≈.##...≈≈≈≈≈≈#
....##..≈≈≈.##...≈≈≈≈≈≈#
....##..≈≈≈.##....≈≈≈≈≈≈#
....##..≈≈≈..##....≈≈≈≈Z≈≈
....##...≈≈...##.....≈≈≈≈Z


You could see Antaeus (ally target), a quicksilver dragon simulacrum, an ettin
simulacrum, a friendly spellforged servitor (summoned) and a friendly
battlesphere.

Vanquished Creatures
  the Royal Jelly (Slime:5)
  Dissolution (Slime:2)
  4 dread liches
  Dispater (Dis:7)
  Khufu (Crypt:3)
  5 ancient liches
  An orb of fire (Zot:5)
  2 juggernauts
  The ghost of Netemen the Gnoll Aeon, a master GnFi of Cheibriados (Zot:2)
  30 royal mummies
  3 Killer Klowns
  15 shard shrikes
  Xtahua (Depths:3)
  Margery (Vaults:4)
  Vashnia (Snake:3)
  Bai Suzhen (Vaults:4)
  22 caustic shrikes
  the Lernaean hydra (Swamp:4)
  Geryon (Hell)
  7 golden dragons
  Jory (Tomb:3)
  8 bone dragons
  4 profane servitors
  The ghost of CryoSword the Devastator, an adept DrCj of Ashenzari (Vaults:1)
  9 Brimstone Fiends
  16 iron giants
  4 electric golems
  8 doom hounds (Hell)
  18 hellephants
  A tainted leviathan (Tar:1)
  7 tentacled monstrosities
  Jorgrun (D:15)
  28 Hell Sentinels
  2 deep elf blademasters (Elf:3)
  The ghost of Venard the Ruinous, an adept DgCj (Elf:3)
  6 liches
  10 quicksilver dragons
  16 Ice Fiends
  15 Orb Guardians (Zot:5)
  21 searing wretches
  10 titans
  Asterion (Elf:3)
  Murray (Hell)
  Agnes (D:15)
  20 acid blobs
  Frances (D:14)
  A thorn hunter (Swamp:4)
  9 death cobs
  8 sphinxes
  36 ancient champions
  Gastronok (D:9)
  12 storm dragons
  9 rockslimes
  6 tengu reavers
  11 draconian monks
  11 azure jellies
  8 shadow dragons
  The ghost of Kipt the Spry, an adept SpFE of Dithmenos (Vaults:1)
  5 nagarajas
  2 fenstrider witches
  5 draconian knights
  18 fire giants
  15 quicksilver elementals
  7 revenants
  13 narguns
  7 vault wardens
  8 draconian shifters
  6 frost giants
  9 iron dragons
  3 orc warlords
  2 cacodemons (Dis:7)
  9 deep elf sorcerers
  8 draconian scorchers
  A frost giant (shapeshifter) (D:15)
  5 draconian stormcallers
  A caustic shrike zombie (Swamp:3)
  The ghost of Infinimo the Bludgeoner, a journeyman MiBe of Trog (Lair:6)
  2 deep elf elementalists (Elf:3)
  A curse skull (Crypt:1)
  10 shard shrike simulacra
  28 balrugs
  2 ghost moths
  Aizul (Snake:1)
  11 stone giants
  25 war gargoyles
  7 draconian annihilators
  10 quicksilver oozes
  24 very ugly things
  6 bennus
  A caustic shrike skeleton (Tomb:2)
  8 reapers (Hell)
  28 elemental wellsprings
  12 ironbound preservers
  4 ironbound thunderhulks (Vaults:2)
  8 vampire knights
  9 white draconians
  6 deep elf demonologists
  8 black draconians
  Nessos (D:15)
  4 bunyips
  5 deep elf annihilators (Elf:3)
  An entropy weaver (Vaults:4)
  10 yellow draconians
  11 green draconians
  3 putrid mouths (Hell)
  2 eleionomae
  10 purple draconians
  10 wendigos
  6 dire elephants
  9 red draconians
  An eidolon (Crypt:2)
  59 iron golems
  4 spark wasps
  20 ettins
  The ghost of mpzz the Slicer, a journeyman BaIE of Cheibriados (Orc:1)
  4 blizzard demons (Geh:3)
  A deep elf death mage (Elf:3)
  23 mummy priests
  A quicksilver dragon zombie (Crypt:2)
  5 fire dragons
  10 great orbs of eyes
  A spectral spriggan (Tar:1)
  11 jiangshi
  9 yaktaur captains
  37 vault guards
  12 ice dragons
  Erolcha (D:9)
  3 deep elf high priests
  2 shambling mangroves
  17 naga warriors
  6 rakshasas
  A spectral golden dragon (Tar:1)
  13 caustic shrike simulacra
  2 spriggan zombies
  32 hydras
  Fannar (Lair:1)
  6 salamander tyrants
  2 spriggan skeletons
  A peacekeeper (Vaults:1)
  A hell beast (Depths:2)
  4 boulder beetles
  8 ogre magi
  4 catoblepae
  4 spriggan air magi
  2 ghost crabs (Swamp:3)
  8 juggernaut simulacra
  3 stokers
  21 centaur warriors
  A fenstrider witch skeleton (Crypt:1)
  6 death knights
  13 anacondas
  19 two-headed ogres
  8 ironbound frosthearts
  10 alligators
  8 tengu warriors
  54 hell hogs
  4 deep troll earth magi
  8 deep troll shamans
  An orc high priest (Orc:1)
  4 vampire magi (Crypt:2)
  88 death scarabs
  19 dancing weapons
  15 death yaks
  19 naga sharpshooters
  7 soul eaters
  6 spriggan berserkers
  27 hell knights
  Nergalle (Orc:2)
  12 shock serpents
  11 sun demons
  16 deep elf knights
  15 crystal echidnas
  2 shadow wraiths
  A spectral death yak (Lair:6)
  A storm dragon zombie (Depths:2)
  7 salamander mystics
  18 skeletal warriors
  8 sea snakes (Snake:2)
  10 iron trolls
  An elf simulacrum (Coc:1)
  4 goliath frogs
  A spectral anaconda (Lair:6)
  3 bunyip zombies
  51 deep trolls
  7 quicksilver dragon simulacra
  2 shadow demons
  5 flayed ghosts
  11 bog bodies
  2 glowing orange brains
  An obsidian statue (Lair:6)
  A golden dragon skeleton (Depths:2)
  A bunyip skeleton (Tomb:2)
  8 lindwurms
  5 wizards
  7 spriggan simulacra
  10 deep elf archers
  A fenstrider witch simulacrum (Coc:1)
  Pikel (D:4)
  10 swamp dragons
  19 deep elf pyromancers
  2 phantasmal warriors
  10 orc knights
  9 naga ritualists
  4 mana vipers
  20 necromancers
  7 ironbound convokers
  5 shining eyes
  A spectral ettin (Tar:1)
  9 orc sorcerers
  2 anaconda skeletons
  19 deep elf zephyrmancers
  2 wolf spiders (D:15)
  35 ugly things
  2 will-o-the-wisps (Swamp:4)
  A fire giant zombie (Depths:2)
  15 salamanders
  16 elephants
  9 manticores
  33 moths of wrath
  A fire giant skeleton (Vaults:1)
  12 cyclopes
  9 guardian serpents
  A human skeleton (Vaults:1)
  A rust devil (Hell)
  10 vault sentinels
  An iron dragon skeleton (Crypt:1)
  An elf zombie (Vaults:1)
  16 naga magi
  An eye of devastation (Slime:4)
  29 black mambas
  An alligator snapping turtle zombie (Hell)
  An apocalypse crab (Abyss:2)
  10 cane toads
  A dire elephant zombie (Tomb:3)
  2 centaur skeletons
  A gargoyle (D:12)
  An ice statue (Hell)
  2 smoke demons
  A storm dragon simulacrum (Hell)
  4 titan simulacra
  24 hellions
  11 unseen horrors
  A demonic crawler (Hell)
  A sea snake zombie (Hell)
  11 freezing wraiths
  3 human zombies
  3 rime drakes (Lair:6)
  12 tormentors
  An ice devil (Depths:2)
  2 sea snake skeletons (Hell)
  9 anaconda simulacra
  27 yaktaurs
  A bunyip simulacrum (Hell)
  2 golden dragon simulacra
  4 harpy zombies
  2 iron giant simulacra
  A yaktaur (shapeshifter) (Vaults:1)
  3 hellwings
  6 komodo dragons
  4 tengu conjurers
  3 red devils
  38 guardian mummies
  A grey draconian skeleton (Crypt:1)
  7 tyrant leeches
  3 bloated husks
  3 hydra zombies (Hell)
  2 tengu simulacra
  4 meliai
  7 trolls
  4 polar bears
  A wind drake (shapeshifter) (Depths:4)
  3 harpy skeletons
  20 hornets
  A tarantella (shapeshifter) (Vaults:1)
  A blink frog (shapeshifter) (D:15)
  97 slime creatures
  4 blink frogs (Lair:5)
  A hydra skeleton (Hell)
  A stone giant simulacrum (Coc:7)
  A spectral black mamba (Tar:1)
  Sigmund (D:4)
  6 iron dragon simulacra
  2 centaur simulacra
  An alligator zombie (Crypt:2)
  A culicivora (shapeshifter) (Vaults:1)
  5 naga simulacra
  4 water elementals
  5 air elementals
  64 flying skulls
  10 spriggans
  28 ushabtiu
  31 yaks
  4 shadows
  7 dire elephant simulacra
  An alligator snapping turtle simulacrum (Coc:2)
  A ynoxinul (Depths:4)
  18 humans (D:13)
  A yak (shapeshifter) (Elf:1)
  A vampire (D:8)
  10 wraiths
  8 basilisks
  3 chaos spawn
  2 wyverns
  A fire bat (D:14)
  4 golden eyes
  A redback (shapeshifter) (Vaults:4)
  A sea snake simulacrum (Hell)
  A death yak simulacrum (Lair:6)
  8 vampire mosquitoes
  12 swamp worms
  60 nagas
  26 harpy simulacra
  3 wargs
  3 acid dragons
  3 hydra simulacra
  6 hell hounds
  14 water moccasins
  A nameless horror (Elf:3)
  19 orc warriors
  2 ice beasts (D:6)
  9 ettin simulacra
  6 swamp drakes (Swamp:4)
  An elephant zombie (Crypt:1)
  4 black bears
  A sky beast (D:6)
  4 necrophages
  39 wolves
  A boggart (D:15)
  A black mamba simulacrum (Coc:1)
  19 ogres
  21 centaurs
  An elephant skeleton (Lair:6)
  A centaur (shapeshifter) (Vaults:1)
  A manticore zombie (Crypt:2)
  A swamp dragon skeleton (Swamp:3)
  3 lemures (D:4)
  A phantom (D:5)
  Blork the orc (D:5)
  5 kobold brigands
  16 bullfrogs
  2 scorpions (D:6)
  An earth elemental (Elf:3)
  3 gnoll sergeants
  A palentonga skeleton (Crypt:2)
  A komodo dragon skeleton (Crypt:1)
  A wyvern skeleton (D:6)
  5 killer bees
  3 howler monkeys
  3 vampire bats (D:14)
  3 small abominations
  8 wights
  5 electric eels (Lair:1)
  2 centaur zombies
  4 lava snakes (Lair:1)
  3 crimson imps
  3 bullfrog zombies
  A quasit (Abyss:2)
  4 gnoll shamans
  6 hounds
  A jelly (D:7)
  14 orc priests
  A bullfrog skeleton (D:5)
  5 iguanas
  Ijyb (D:4)
  32 orc wizards
  13 hell rats
  A killer bee zombie (D:6)
  A deep dwarf zombie (Crypt:2)
  50 mummies
  2 howler monkey zombies
  6 adders
  29 gnolls
  4 river rats (D:14)
  A shadow imp (D:7)
  8 worms
  4 dart slugs
  68 orcs
  A bat (shapeshifter) (Elf:3)
  3 endoplasms
  4 giant cockroaches
  4 goblins
  5 hobgoblins
  9 jackals
  4 quokkas
  6 ball pythons
  10 bats
  A frilled lizard (D:3)
  A goblin skeleton (D:3)
  A goblin zombie (D:3)
  A hobgoblin zombie (D:3)
  19 kobolds
  A kobold skeleton (D:3)
  An orc skeleton (D:3)
  An orc zombie (D:3)
  9 rats
  A rat skeleton (Crypt:2)
  A bush (Zot:2)
  9 creeping infernos
  41 fire vortices
  A starspawn tentacle (Abyss:2)
3329 creatures vanquished.

Vanquished Creatures (collateral kills)
  Asmodeus (Geh:7)
  Frederick (Depths:2)
  A profane servitor (Crypt:3)
  2 golden dragons
  A lich (Crypt:3)
  A deep elf master archer (Elf:3)
  3 acid blobs
  A deep elf blademaster (Elf:3)
  A sphinx (Vaults:3)
  A storm dragon (Zot:1)
  A rockslime (Slime:5)
  5 deep elf sorcerers (Elf:3)
  A fire giant (Depths:4)
  2 vault wardens
  A frost giant (Depths:1)
  A quicksilver ooze (Slime:5)
  A ghoul (Crypt:3)
  6 ironbound preservers
  2 stone giants (Depths:3)
  An ironbound thunderhulk (Vaults:4)
  A green draconian (Depths:4)
  2 vampire knights
  A very ugly thing (Abyss:2)
  A deep elf demonologist (Elf:3)
  A yellow draconian (Zot:1)
  3 deep elf annihilators (Elf:3)
  3 dire elephants (Vaults:3)
  4 deep elf death magi
  2 mummy priests (Crypt:3)
  3 iron golems
  A deep elf high priest (Elf:3)
  A fire dragon (Depths:1)
  6 jiangshi
  6 ettins
  2 great orbs of eyes
  A yaktaur captain (Vaults:3)
  A vault guard (Vaults:3)
  2 ironbound frosthearts (Vaults:3)
  5 dancing weapons
  A death knight (Crypt:3)
  A tengu warrior (Depths:3)
  A deep troll shaman (Depths:2)
  A death yak (Depths:3)
  2 deep troll earth magi
  6 hell knights
  2 vampire magi
  A spriggan berserker (Depths:1)
  A crystal echidna (Dis:7)
  2 deep elf knights
  13 skeletal warriors
  A flayed ghost (Crypt:2)
  3 wizards
  22 deep trolls
  6 ironbound convokers
  8 deep elf zephyrmancers
  4 necromancers
  A frost giant zombie (Crypt:1)
  10 ugly things
  5 deep elf pyromancers
  An eleionoma skeleton (Crypt:1)
  3 vault sentinels
  A hellion (Geh:7)
  3 yaktaurs
  2 freezing wraiths
  A black draconian skeleton (Crypt:2)
  3 guardian mummies (Crypt:3)
  22 slime creatures
  22 flying skulls
  A water elemental (Elf:3)
  3 wraiths
  3 shadows (Crypt:3)
  A fire elemental (Elf:1)
  2 redbacks (Vaults:4)
  A naga skeleton (Crypt:3)
  2 necrophages (Crypt:3)
  A hog skeleton (Crypt:2)
  2 small abominations (Crypt:3)
245 creatures vanquished.

Vanquished Creatures (others)
  A fire giant (Depths:2)
  A vault guard (Vaults:2)
  An alligator (Swamp:4)
  A deep troll earth mage (Depths:2)
  2 deep elf knights
  A naga ritualist (Snake:4)
  A deep troll (Vaults:4)
  A titan simulacrum (Coc:7)
  A hellion (Geh:7)
  A bloated husk (Swamp:2)
  A water elemental (Elf:3)
  A naga (Snake:4)
  A hydra simulacrum (Coc:7)
  A worm (D:14)
  65 fungi
  107 plants
  5 starspawn tentacles (Abyss:2)
  34 withered plants
226 creatures vanquished.

Grand Total: 3800 creatures vanquished

Notes
Turn   | Place    | Note
-------+----------+-------------------------------------------
     0 | D:1      | Infinimo the Gargoyle Earth Elementalist began the quest
                  | for the Orb.
     0 | D:1      | Reached XP level 1. HP: 10/10 MP: 3/3
   221 | D:1      | Found a faded altar of an unknown god.
   352 | D:1      | Reached XP level 2. HP: 15/15 MP: 3/5
   742 | D:1      | Reached XP level 3. HP: 9/19 MP: 4/6
  1448 | D:2      | Identified a scroll of acquirement
  1448 | D:2      | Acquired a staff of earth
  1490 | D:2      | Reached skill level 5 in Earth Magic
  1560 | D:2      | Learned a level 3 spell: Stone Arrow
  1606 | D:2      | Found a shadowy altar of Dithmenos.
  1930 | D:3      | Found a glowing golden altar of the Shining One.
  1937 | D:3      | Reached XP level 4. HP: 24/24 MP: 1/8
  2015 | D:3      | Found a broken altar of Ashenzari.
  2698 | D:3      | Found an ancient bone altar of Kikubaaqudgha.
  2997 | D:4      | Reached XP level 5. HP: 24/28 MP: 9/9
  3064 | D:4      | Noticed a lemure
  3068 | D:4      | Noticed a lemure
  3073 | D:4      | Noticed Sigmund
  3078 | D:4      | Noticed Pikel
  3357 | D:4      | Noticed an ogre
  3530 | D:4      | Noticed a necrophage
  3539 | D:4      | Killed a necrophage
  3540 | D:4      | Reached XP level 6. HP: 25/32 MP: 5/11
  3784 | D:4      | Killed Sigmund
  3785 | D:4      | Reached XP level 7. HP: 36/36 MP: 9/13
  3898 | D:4      | Killed Pikel
  3899 | D:4      | Reached skill level 5 in Spellcasting
  3899 | D:4      | Reached XP level 8. HP: 34/41 MP: 9/15
  3963 | D:4      | Found a white marble altar of Elyvilon.
  4082 | D:4      | Noticed Ijyb
  4088 | D:4      | Killed Ijyb
  4089 | D:4      | Reached skill level 10 in Earth Magic
  4248 | D:5      | Entered Level 5 of the Dungeon
  4688 | D:5      | Found Zoysioli's Neck Hole.
  4695 | D:5      | Bought a scarf of repulsion for 156 gold pieces
  4811 | D:5      | Found Eneoth's Assorted Antiques.
  4845 | D:5      | Bought a sapphire potion for 18 gold pieces
  4845 | D:5      | Bought a lumpy amethyst potion for 18 gold pieces
  5019 | D:5      | Noticed Blork the orc
  5020 | D:5      | Killed Blork the orc
  5132 | D:5      | Reached XP level 9. HP: 45/45 MP: 16/18
  5362 | D:5      | Found a glowing silver altar of Zin.
  5363 | D:5      | Noticed an angel
  6160 | D:6      | Identified the +5 chain mail "Behukkyf" {rC+ rCorr}
  6626 | D:7      | Found a radiant altar of Vehumet.
  6655 | D:7      | Became a worshipper of Vehumet
  7167 | D:7      | Found a staircase to the Ecumenical Temple.
  7556 | D:7      | Reached skill level 1 in Fighting
  7659 | D:7      | Found a burning altar of Makhleb.
  7659 | D:7      | Found a shimmering altar of Xom.
  7827 | D:7      | Reached XP level 10. HP: 52/52 MP: 14/21
  8393 | D:8      | Found a staircase to the Lair.
  8415 | D:8      | Identified the +5 falchion of the Original Sin {vorpal,
                  | *Noise +Blink rElec rPois}
  8453 | D:8      | Found a shadowy altar of Dithmenos.
  8826 | D:8      | Reached * piety under Vehumet
  8826 | D:8      | Offered knowledge of Shock by Vehumet.
  8842 | D:8      | Learned a level 3 spell: Conjure Flame
  8998 | D:8      | Reached skill level 1 in Conjurations
 10739 | D:9      | Noticed Erolcha
 10744 | D:9      | Killed Erolcha
 10745 | D:9      | Reached skill level 5 in Conjurations
 10790 | D:9      | Noticed a two-headed ogre
 10797 | D:9      | Killed a two-headed ogre
 10798 | D:9      | Reached skill level 5 in Fighting
 10798 | D:9      | Reached XP level 11. HP: 63/63 MP: 13/23
 10969 | D:9      | Reached ** piety under Vehumet
 10970 | D:9      | Offered knowledge of Scorch by Vehumet.
 11533 | D:9      | Noticed a two-headed ogre
 11536 | D:9      | Killed a two-headed ogre
 11747 | D:9      | Noticed Gastronok
 12021 | D:9      | Found a sacrificial altar of Ru.
 12249 | D:9      | Killed Gastronok
 12916 | D:10     | Entered Level 10 of the Dungeon
 12983 | D:10     | Noticed a two-headed ogre
 12987 | D:10     | Killed a two-headed ogre
 13529 | D:10     | Offered knowledge of Frozen Ramparts by Vehumet.
 14160 | D:11     | Noticed a centaur warrior
 14165 | D:11     | Killed a centaur warrior
 14241 | D:11     | Found a runed translucent gate.
 14241 | D:11     | Found a runed translucent gate.
 14241 | D:11     | Found a runed translucent gate.
 14242 | D:11     | Noticed Peloso's ghost (novice MiFi)
 14281 | D:11     | Noticed a manticore
 14411 | D:11     | Killed a manticore
 14589 | D:11     | Found a hide-covered altar of Uskayaw.
 14727 | D:11     | Reached XP level 12. HP: 69/72 MP: 20/25
 14728 | D:11     | Reached *** piety under Vehumet
 15034 | D:11     | Noticed a two-headed ogre
 15039 | D:11     | Killed a two-headed ogre
 15040 | D:11     | Reached skill level 10 in Conjurations
 15410 | D:12     | Reached skill level 10 in Spellcasting
 15890 | D:12     | Found Fevvuloa's Weapon Shop.
 15972 | D:12     | Found Zisuc's Weapon Shoppe.
 16098 | D:12     | Found a staircase to the Orcish Mines.
 16100 | D:12     | Found Zaut's Armour Shoppe.
 17000 | D:13     | Noticed a death knight
 17086 | D:13     | Offered knowledge of Fulminant Prism by Vehumet.
 17498 | D:13     | Noticed a death knight
 17816 | Lair:1   | Entered Level 1 of the Lair of Beasts
 17978 | Lair:1   | Noticed a five-headed hydra
 17991 | Lair:1   | Killed a five-headed hydra
 17992 | Lair:1   | Reached skill level 1 in Shields
 18062 | Lair:1   | Noticed Fannar
 18075 | Lair:1   | Killed Fannar
 18404 | Lair:1   | Reached **** piety under Vehumet
 18444 | Lair:1   | Reached XP level 13. HP: 65/80 MP: 16/27
 18981 | Lair:1   | Identified the +3 ring mail "Wutoav" {rCorr Dex+3}
 19066 | Lair:2   | Offered knowledge of Fireball by Vehumet.
 19835 | Lair:3   | Found a staircase to the Snake Pit.
 20148 | Lair:3   | Found a runed translucent door.
 20149 | Lair:3   | Noticed Infinimo's ghost (journeyman OgGl)
 20431 | Lair:3   | Found a staircase to the Swamp.
 21156 | Lair:4   | Reached skill level 10 in Fighting
 22416 | Lair:4   | Learned a level 6 spell: Iron Shot
 22419 | Lair:4   | Learned a level 2 spell: Blink
 22525 | Lair:4   | Acquired Lom Lobon's Guide on Confrontation
 22533 | Lair:4   | Learned a level 5 spell: Iskenderun's Battlesphere
 22561 | Lair:4   | Reached skill level 5 in Shields
 23347 | Lair:5   | Gained mutation: Your large and strong wings let you fly.
                  | [Gargoyle growth]
 23347 | Lair:5   | Reached XP level 14. HP: 67/88 MP: 17/29
 24055 | Lair:5   | Found a staircase to the Slime Pits.
 24513 | Lair:6   | Entered Level 6 of the Lair of Beasts
 24724 | Lair:6   | Noticed a dire elephant
 24724 | Lair:6   | Noticed a dire elephant
 24727 | Lair:6   | Noticed a dire elephant
 24732 | Lair:6   | Reached skill level 15 in Conjurations
 24733 | Lair:6   | Noticed a dire elephant
 24850 | Lair:6   | Found a runed translucent door.
 24850 | Lair:6   | Noticed Infinimo's ghost (journeyman MiBe)
 25522 | Lair:5   | Reached ***** piety under Vehumet
 25524 | Lair:5   | Offered knowledge of Eringya's Noxious Bog by Vehumet.
 25754 | Lair:6   | Killed a dire elephant
 26302 | Lair:6   | Identified the ring "Civewocs" {rN+ Int+3}
 26470 | Lair:6   | Killed a dire elephant
 26496 | Lair:6   | Killed a dire elephant
 27022 | Lair:6   | Reached XP level 15. HP: 96/96 MP: 5/31
 27695 | Lair:6   | Killed Infinimo's ghost
 28092 | Orc:1    | Entered Level 1 of the Orcish Mines
 28295 | Orc:1    | Found a runed translucent gate.
 28295 | Orc:1    | Found a runed translucent gate.
 28323 | Orc:1    | Found a burning altar of Makhleb.
 28447 | Orc:1    | Found a runed translucent gate.
 28447 | Orc:1    | Noticed mpzz's ghost (journeyman BaIE)
 28699 | Orc:1    | Killed mpzz's ghost
 28762 | Orc:2    | Entered Level 2 of the Orcish Mines
 28872 | Orc:2    | Found a staircase to the Elven Halls.
 29723 | Orc:2    | Found a radiant altar of Vehumet.
 29736 | Orc:2    | Paralysed by an orc sorcerer for 2 turns
 29858 | Orc:2    | Found Beaty's Antique Armour Emporium.
 29866 | Orc:2    | Bought a pair of runed boots for 240 gold pieces
 29866 | Orc:2    | Bought a runed cloak for 240 gold pieces
 29874 | Orc:2    | Found an ancient bone altar of Kikubaaqudgha.
 29875 | Orc:2    | Noticed Nergalle
 29881 | Orc:2    | Killed Nergalle
 29938 | Orc:2    | Found Ajonic's Magic Scroll Shoppe.
 29959 | Orc:2    | Found Imahi's Book Emporium.
 30062 | Orc:2    | Found Giaczu's Antique Weapon Shoppe.
 30064 | Orc:2    | Bought a scroll of blinking for 97 gold pieces
 30064 | Orc:2    | Bought 3 scrolls of teleportation for 117 gold pieces
 30219 | Orc:2    | Found Dichuh's General Store.
 30569 | D:13     | Identified the +6 quarterstaff "Kikh" {flame, rF++}
 30573 | D:13     | Offered knowledge of Ozocubu's Refrigeration by Vehumet.
 33311 | D:13     | Found a gate to the Vaults.
 33346 | D:14     | You are sucked into a shaft and drop 1 floor!
 33346 | D:15     | Entered Level 15 of the Dungeon
 33357 | D:15     | Noticed a storm dragon
 33365 | D:15     | Noticed an iron dragon
 33365 | D:15     | Noticed a frost giant
 33657 | D:15     | Found a snail-covered altar of Cheibriados.
 33657 | D:15     | Found an ancient bone altar of Kikubaaqudgha.
 33659 | D:15     | Found a basalt altar of Yredelemnul.
 33672 | D:15     | Noticed Agnes
 33677 | D:15     | Killed Agnes
 33914 | D:15     | Reached XP level 16. HP: 104/104 MP: 11/33
 34111 | D:15     | Noticed Nessos
 35111 | D:15     | Killed Nessos
 35112 | D:15     | Reached skill level 10 in Shields
 36122 | D:14     | Noticed Frances
 36127 | D:14     | Killed Frances
 36182 | D:14     | Reached skill level 15 in Earth Magic
 36382 | D:14     | Offered knowledge of Lee's Rapid Deconstruction by Vehumet.
 36521 | D:14     | Found Irhierr's Antique Armour Shop.
 36529 | D:14     | Bought an embroidered hat for 189 gold pieces
 37631 | D:14     | Identified the +1 spear "Lifiosiy" {elec, rElec}
 38272 | D:15     | Reached XP level 17. HP: 69/112 MP: 13/35
 38435 | D:15     | Noticed a sphinx
 38435 | D:15     | Identified the +9 quarterstaff "Kaenkiq" {freeze, rF+
                  | Str+3}
 38472 | D:15     | Killed a sphinx
 38508 | D:15     | Noticed Jorgrun
 38513 | D:15     | Killed Jorgrun
 39167 | D:15     | Paralysed by something for 6 turns
 39641 | D:15     | Reached ****** piety under Vehumet
 39642 | D:15     | Reached skill level 15 in Fighting
 39658 | D:15     | Offered knowledge of Lightning Bolt by Vehumet.
 39923 | D:15     | Found a staircase to the Depths.
 40268 | Snake:1  | Entered Level 1 of the Snake Pit
 40309 | Snake:1  | Noticed Aizul
 40313 | Snake:1  | Killed Aizul
 40482 | Snake:1  | Found a bloodstained altar of Trog.
 40527 | Snake:1  | Found Qeoxih's Weapon Emporium.
 42934 | Snake:2  | Reached XP level 18. HP: 102/119 MP: 21/36
 43662 | Snake:3  | Reached skill level 15 in Spellcasting
 43868 | Snake:3  | Offered knowledge of Freezing Cloud by Vehumet.
 44303 | Snake:3  | Noticed Vashnia
 44526 | Snake:3  | Killed Vashnia
 45241 | Snake:4  | Entered Level 4 of the Snake Pit
 45623 | Snake:4  | Found Ile Muod's Jewellery Shop.
 45877 | Snake:4  | Found Waiprit's Jewellery Shop.
 47080 | Snake:4  | Reached XP level 19. HP: 125/125 MP: 31/38
 47566 | Snake:4  | Identified the +11 hunting sling of the Eight Wishes
                  | {freeze, Dex+2}
 47640 | Snake:4  | Got a serpentine rune of Zot
 48102 | Swamp:1  | Entered Level 1 of the Swamp
 48298 | Swamp:1  | Offered knowledge of Spellforged Servitor by Vehumet.
 48307 | Swamp:1  | Learned a level 7 spell: Spellforged Servitor
 48316 | Swamp:1  | Learned a level 8 spell: Lehudib's Crystal Spear
 48326 | Swamp:1  | Learned a level 9 spell: Shatter
 50112 | Swamp:3  | Paralysed by a fenstrider witch for 5 turns
 50602 | Swamp:3  | Found an ancient bone altar of Kikubaaqudgha.
 50620 | Swamp:3  | Offered knowledge of Maxwell's Capacitive Coupling by
                  | Vehumet.
 50825 | Swamp:3  | Got the Catalogue of Dark Rituals
 50988 | Swamp:4  | Entered Level 4 of the Swamp
 51355 | Swamp:4  | Reached skill level 1 in Summonings
 51667 | Swamp:4  | Noticed the 27-headed Lernaean hydra
 51958 | Swamp:4  | Killed the 27-headed Lernaean hydra
 52088 | Swamp:4  | Reached XP level 20. HP: 134/134 MP: 35/40
 52314 | Swamp:4  | Gained mutation: Armour fits poorly on your strangely
                  | shaped body. [mutagenic glow]
 52331 | Swamp:4  | Gained mutation: Your magical capacity is low. (-10% MP)
                  | [mutagenic glow]
 52353 | Swamp:4  | Gained mutation: You have hidden genetic defects.
                  | [mutagenic glow]
 52398 | Swamp:4  | Got a decaying rune of Zot
 52798 | Vaults:1 | Entered Level 1 of the Vaults
 53347 | Vaults:1 | Found a runed translucent gate.
 53347 | Vaults:1 | Found a runed translucent gate.
 53347 | Vaults:1 | Found a runed translucent gate.
 53348 | Vaults:1 | Noticed CryoSword's ghost (adept DrCj)
 53348 | Vaults:1 | Noticed Kipt's ghost (adept SpFE)
 53674 | Vaults:1 | Offered knowledge of Polar Vortex by Vehumet.
 53674 | Vaults:1 | Offered knowledge of Maxwell's Capacitive Coupling by
                  | Vehumet.
 53899 | Vaults:1 | Gained mutation: You occasionally shout uncontrollably at
                  | your foes. [hidden defects]
 53932 | Vaults:1 | Lost mutation: You have hidden genetic defects. [potion of
                  | mutation]
 53932 | Vaults:1 | Lost mutation: Your magical capacity is low. (-10% MP)
                  | [potion of mutation]
 53932 | Vaults:1 | Lost mutation: Armour fits poorly on your strangely shaped
                  | body. [potion of mutation]
 53932 | Vaults:1 | Gained mutation: You are weak. (Str -2) [potion of
                  | mutation]
 53932 | Vaults:1 | Gained mutation: You are partially covered in iridescent
                  | scales. (AC +2) [potion of mutation]
 53933 | Vaults:1 | Lost mutation: You occasionally shout uncontrollably at
                  | your foes. [potion of mutation]
 53933 | Vaults:1 | Lost mutation: You are weak. (Str -2) [potion of mutation]
 53933 | Vaults:1 | Lost mutation: You are partially covered in iridescent
                  | scales. (AC +2) [potion of mutation]
 53933 | Vaults:1 | Gained mutation: You are weak. (Str -2) [potion of
                  | mutation]
 53934 | Vaults:1 | Lost mutation: You are weak. (Str -2) [potion of mutation]
 53934 | Vaults:1 | Gained mutation: You are frail. (-10% HP) [potion of
                  | mutation]
 53934 | Vaults:1 | Gained mutation: Your body sometimes deteriorates upon
                  | taking damage. [potion of mutation]
 53934 | Vaults:1 | Gained mutation: You have hidden genetic potential. [potion
                  | of mutation]
 53934 | Vaults:1 | Gained mutation: You passively map a small area around you.
                  | [potion of mutation]
 53935 | Vaults:1 | Lost mutation: You have hidden genetic potential. [potion
                  | of mutation]
 53935 | Vaults:1 | Lost mutation: Your body sometimes deteriorates upon taking
                  | damage. [potion of mutation]
 53935 | Vaults:1 | Gained mutation: You sometimes lose the ability to read
                  | scrolls when taking damage. [potion of mutation]
 53935 | Vaults:1 | Gained mutation: You are very frail. (-20% HP) [potion of
                  | mutation]
 53935 | Vaults:1 | Gained mutation: Armour fits poorly on your strangely
                  | shaped body. [potion of mutation]
 53936 | Vaults:1 | Lost mutation: You passively map a small area around you.
                  | [potion of mutation]
 53936 | Vaults:1 | Lost mutation: You sometimes lose the ability to read
                  | scrolls when taking damage. [potion of mutation]
 53936 | Vaults:1 | Lost mutation: Armour fits poorly on your strangely shaped
                  | body. [potion of mutation]
 53936 | Vaults:1 | Gained mutation: You have hidden genetic potential. [potion
                  | of mutation]
 53936 | Vaults:1 | Gained mutation: Your mind is acute. (Int +2) [potion of
                  | mutation]
 53936 | Vaults:1 | Gained mutation: Potions are less effective at restoring
                  | your health. [potion of mutation]
 53936 | Vaults:1 | Gained mutation: You have a pair of small horns on your
                  | head. [potion of mutation]
 53937 | Vaults:1 | Lost mutation: Potions are less effective at restoring your
                  | health. [potion of mutation]
 53937 | Vaults:1 | Lost mutation: You have a pair of small horns on your head.
                  | [potion of mutation]
 53937 | Vaults:1 | Lost mutation: You are very frail. (-20% HP) [potion of
                  | mutation]
 53937 | Vaults:1 | Gained mutation: Your magical capacity is low. (-10% MP)
                  | [potion of mutation]
 53937 | Vaults:1 | Gained mutation: You passively dampen the noise of your
                  | surroundings. [potion of mutation]
 53937 | Vaults:1 | Gained mutation: You are partially covered in iridescent
                  | scales. (AC +2) [potion of mutation]
 53938 | Vaults:1 | Lost mutation: You have hidden genetic potential. [potion
                  | of mutation]
 53938 | Vaults:1 | Lost mutation: You passively dampen the noise of your
                  | surroundings. [potion of mutation]
 53938 | Vaults:1 | Lost mutation: You are partially covered in iridescent
                  | scales. (AC +2) [potion of mutation]
 53938 | Vaults:1 | Gained mutation: You expend magic power (3 MP) to
                  | strengthen your wands. [potion of mutation]
 53939 | Vaults:1 | Lost mutation: Your mind is acute. (Int +2) [potion of
                  | mutation]
 53939 | Vaults:1 | Lost mutation: Your magical capacity is low. (-10% MP)
                  | [potion of mutation]
 53939 | Vaults:1 | Lost mutation: You are frail. (-10% HP) [potion of
                  | mutation]
 53939 | Vaults:1 | Gained mutation: You are strong-willed. (Will+) [potion of
                  | mutation]
 53939 | Vaults:1 | Gained mutation: You passively map a small area around you.
                  | [potion of mutation]
 53939 | Vaults:1 | Gained mutation: You tend to lose your temper in combat.
                  | [potion of mutation]
 53940 | Vaults:1 | Lost mutation: You passively map a small area around you.
                  | [potion of mutation]
 53940 | Vaults:1 | Lost mutation: You tend to lose your temper in combat.
                  | [potion of mutation]
 53940 | Vaults:1 | Gained mutation: You are dopey. (Int -2) [potion of
                  | mutation]
 53940 | Vaults:1 | Gained mutation: You have a pair of small horns on your
                  | head. [potion of mutation]
 53940 | Vaults:1 | Gained mutation: Your body sometimes deteriorates upon
                  | taking damage. [potion of mutation]
 53940 | Vaults:1 | Gained mutation: You have sharp toenails. [potion of
                  | mutation]
 53941 | Vaults:1 | Lost mutation: You expend magic power (3 MP) to strengthen
                  | your wands. [potion of mutation]
 53941 | Vaults:1 | Lost mutation: You are dopey. (Int -2) [potion of mutation]
 53941 | Vaults:1 | Lost mutation: You have sharp toenails. [potion of
                  | mutation]
 53941 | Vaults:1 | Gained mutation: Your mind is acute. (Int +2) [potion of
                  | mutation]
 53941 | Vaults:1 | Gained mutation: Your magical capacity is low. (-10% MP)
                  | [potion of mutation]
 53941 | Vaults:1 | Gained mutation: Your flesh is cold resistant. (rC+)
                  | [potion of mutation]
 53942 | Vaults:1 | Lost mutation: You are strong-willed. (Will+) [potion of
                  | mutation]
 53942 | Vaults:1 | Lost mutation: You have a pair of small horns on your head.
                  | [potion of mutation]
 53942 | Vaults:1 | Lost mutation: Your magical capacity is low. (-10% MP)
                  | [potion of mutation]
 53942 | Vaults:1 | Gained mutation: You expend magic power (3 MP) to
                  | strengthen your wands. [potion of mutation]
 54238 | Vaults:1 | Found Kedyast's Weapon Emporium.
 54789 | Vaults:1 | Identified the ring of Onaic Culi {*Corrode Will+ MP+9
                  | Str+4}
 55798 | Vaults:1 | Identified the ring "Hixoub" {Fly Stlth+}
 56087 | Vaults:1 | Killed Kipt's ghost
 56088 | Vaults:1 | Reached skill level 15 in Shields
 57029 | Vaults:2 | Reached skill level 5 in Summonings
 57032 | Vaults:2 | Reached XP level 21. HP: 133/140 MP: 8/41
 57179 | Vaults:2 | Found Wyifuvoi's Weapon Shop.
 58900 | Vaults:2 | Found a staircase to the Crypt.
 58900 | Vaults:2 | Found a basalt altar of Yredelemnul.
 58901 | Vaults:2 | Found an ancient bone altar of Kikubaaqudgha.
 62262 | Vaults:4 | Noticed Margery
 62276 | Vaults:4 | Reached XP level 22. HP: 133/148 MP: 25/43
 62279 | Vaults:4 | Killed Margery
 62551 | Vaults:4 | Noticed Bai Suzhen
 62600 | Vaults:4 | Killed Bai Suzhen
 62801 | Vaults:4 | Cast into level 2 of the Abyss (a wizard)
 62998 | Vaults:4 | Escaped the Abyss
 64466 | Crypt:1  | Entered Level 1 of the Crypt
 64896 | Crypt:1  | Noticed an ancient lich
 64901 | Crypt:1  | Killed an ancient lich
 65862 | Crypt:2  | Paralysed by something for 5 turns
 66794 | Crypt:3  | Entered Level 3 of the Crypt
 67126 | Crypt:3  | Found a basalt altar of Yredelemnul.
 67601 | Crypt:3  | Reached XP level 23. HP: 149/155 MP: 33/44
 67855 | Crypt:3  | HP: 2/155 [something (10)]
 68633 | Crypt:3  | Identified the amulet "Hyupoe" {rPois Regen+ Slay+6}
 68633 | Crypt:3  | Identified the ring of Nemelex Xobeh's Esteem {rC- rN+
                  | Str+3 Int+4 Dex+4}
 69556 | Crypt:3  | Found a staircase to the Tomb.
 69556 | Crypt:3  | Noticed Khufu
 69833 | Crypt:3  | Killed Khufu
 70386 | Vaults:5 | Entered Level 5 of the Vaults
 71062 | Elf:1    | Entered Level 1 of the Elven Halls
 71144 | Elf:1    | Found a radiant altar of Vehumet.
 71564 | Elf:1    | Got the Collected Works on Companions
 71809 | Elf:1    | Paralysed by an air elemental for 1 turns
 71934 | Elf:2    | Found Huevehan's Antique Weapon Shop.
 72447 | Elf:2    | Found a huge runed translucent gate.
 72447 | Elf:2    | Found a huge runed translucent gate.
 72447 | Elf:2    | Found a huge runed translucent gate.
 72448 | Elf:2    | Found a huge runed translucent gate.
 72451 | Elf:2    | Found a huge runed translucent gate.
 73311 | Elf:3    | Entered Level 3 of the Elven Halls
 73488 | Elf:3    | Reached XP level 24. HP: 103/162 MP: 26/45
 73902 | Elf:3    | Paralysed by an air elemental for 1 turns
 73934 | Elf:3    | Noticed Asterion
 73938 | Elf:3    | Killed Asterion
 74170 | Elf:3    | Found a large runed translucent door.
 74170 | Elf:3    | Found a large runed translucent door.
 74428 | Elf:3    | Noticed Venard's ghost (adept DgCj)
 75507 | Elf:3    | Identified the ring of Nivocw {Ice rN++ Dex-2 Stlth+}
 75602 | Elf:3    | Identified the +7 scale mail of the Lair of Beasts {Slay+2}
 76115 | Elf:3    | Got the Tome of Curses and the Traveller
 76582 | Elf:3    | Killed Venard's ghost
 76902 | Temple   | Entered the Ecumenical Temple
 77256 | Depths:1 | Entered Level 1 of the Depths
 77418 | Depths:1 | Found a shadowy altar of Dithmenos.
 77619 | Depths:1 | Found a gateway to Hell.
 77632 | Depths:1 | Found a one-way gate to the infinite horrors of the Abyss.
 77904 | Depths:1 | Found a one-way gate leading to the halls of Pandemonium.
 79158 | Depths:2 | Noticed a caustic shrike
 79160 | Depths:2 | Killed a caustic shrike
 79458 | Depths:2 | Reached XP level 25. HP: 155/169 MP: 36/45
 81156 | Depths:3 | Noticed Frederick
 81391 | Depths:3 | Identified the +0 pair of gloves of Syndicalism {Drain rF++
                  | rCorr}
 81940 | Depths:3 | Noticed Xtahua
 81948 | Depths:3 | Killed Xtahua
 81955 | Depths:3 | Noticed a juggernaut
 81960 | Depths:3 | Killed a juggernaut
 82020 | Depths:2 | Killed Frederick
 82257 | Depths:3 | Found a shimmering altar of Xom.
 82345 | Depths:3 | Found a one-way gateway to a ziggurat.
 83563 | Depths:3 | Found a portal to a secret trove of treasure.
 83818 | Depths:3 | You paid a toll of +3 shadow dragon scales to enter a
                  | treasure trove
 83819 | Trove    | Entered a treasure trove
 83833 | Trove    | Got Sif Muna's Compendium of Dusty Sinister Rites
 83854 | Trove    | Got Ixkuk's Grimoire of the Glacier and the Mountains
 83857 | Trove    | Got Sif Muna's Guide on Harmful Cold
 83992 | Depths:3 | Identified the +4 dagger of Certain Death {vorpal, Fly
                  | rElec rPois Int+2}
 83993 | Depths:3 | Identified the +5 trident "Demonbane" {vorpal, rC- Str+4}
 84045 | Depths:4 | Entered Level 4 of the Depths
 84814 | Depths:4 | Noticed a juggernaut
 84821 | Depths:4 | Killed a juggernaut
 85432 | Depths:4 | Reached XP level 26. HP: 161/177 MP: 42/46
 85564 | Depths:4 | Found a gate to the Realm of Zot.
 86110 | Slime:1  | Entered Level 1 of the Pits of Slime
 86431 | Slime:2  | Gained mutation: You are frail. (-10% HP) [a shining eye]
 86433 | Slime:2  | Gained mutation: You are very frail. (-20% HP) [a shining
                  | eye]
 86690 | Slime:1  | Lost mutation: Your flesh is cold resistant. (rC+) [potion
                  | of mutation]
 86690 | Slime:1  | Lost mutation: Your mind is acute. (Int +2) [potion of
                  | mutation]
 86690 | Slime:1  | Lost mutation: You expend magic power (3 MP) to strengthen
                  | your wands. [potion of mutation]
 86690 | Slime:1  | Lost mutation: You are very frail. (-20% HP) [potion of
                  | mutation]
 86691 | Slime:1  | Lost mutation: You are frail. (-10% HP) [potion of
                  | mutation]
 86691 | Slime:1  | Lost mutation: Your body sometimes deteriorates upon taking
                  | damage. [potion of mutation]
 86691 | Slime:1  | Gained mutation: You sometimes lose the ability to read
                  | scrolls when taking damage. [potion of mutation]
 86692 | Slime:1  | Lost mutation: You sometimes lose the ability to read
                  | scrolls when taking damage. [potion of mutation]
 86692 | Slime:1  | Gained mutation: You are dopey. (Int -2) [potion of
                  | mutation]
 86692 | Slime:1  | Gained mutation: You are partially covered in iridescent
                  | scales. (AC +2) [potion of mutation]
 86692 | Slime:1  | Gained mutation: You are mostly covered in iridescent
                  | scales. (AC +4) [potion of mutation]
 86783 | Slime:2  | Noticed Dissolution
 86787 | Slime:2  | Killed Dissolution
 86788 | Slime:2  | Reached skill level 27 in Earth Magic
 88081 | Slime:5  | Entered Level 5 of the Pits of Slime
 88198 | Slime:5  | Gained mutation: You tend to lose your temper in combat. [a
                  | shining eye]
 88361 | Slime:4  | Lost mutation: You are dopey. (Int -2) [potion of mutation]
 88361 | Slime:4  | Lost mutation: You tend to lose your temper in combat.
                  | [potion of mutation]
 88361 | Slime:4  | Lost mutation: You are mostly covered in iridescent scales.
                  | (AC +4) [potion of mutation]
 88361 | Slime:4  | Gained mutation: You are strong-willed. (Will+) [potion of
                  | mutation]
 88688 | Slime:5  | Noticed the Royal Jelly
 89198 | Slime:5  | Found a viscous altar of Jiyva.
 89217 | Slime:5  | Killed the Royal Jelly
 89431 | Slime:5  | Identified the +5 hand crossbow "Death Rattle" {venom,
                  | Int+3}
 89493 | Slime:5  | Identified the +1 chain mail of Qaisirch {-Cast Harm Will+}
 89545 | Slime:5  | Got a slimy rune of Zot
 90373 | Hell     | Entered the Vestibule of Hell
 90373 | Hell     | Noticed Geryon
 90390 | Hell     | Killed Geryon
 90441 | Hell     | Noticed Murray
 90443 | Hell     | Killed Murray
 90576 | Hell     | Reached XP level 27. HP: 174/184 MP: 47/47
 90881 | Hell     | Found a gateway to the decaying netherworld of Tartarus.
 91049 | Hell     | Found a gateway to the freezing wastes of Cocytus.
 91195 | Hell     | Found a gateway to the Iron City of Dis.
 91276 | Hell     | Found a gateway to the ashen valley of Gehenna.
 91352 | Hell     | Learned a level 3 spell: Swiftness
 91365 | Dis:1    | Entered Level 1 of the Iron City of Dis
 92506 | Dis:3    | Noticed a dread lich
 92508 | Dis:3    | Noticed an ancient lich
 92509 | Dis:3    | Killed a dread lich
 92509 | Dis:3    | Killed an ancient lich
 93059 | Zot:1    | Entered Level 1 of the Realm of Zot
 98320 | Dis:7    | Entered Level 7 of the Iron City of Dis
 99262 | Dis:7    | Found a huge runed gate.
 99262 | Dis:7    | Found a huge runed gate.
 99262 | Dis:7    | Found a huge runed gate.
 99262 | Dis:7    | Found a huge runed gate.
 99262 | Dis:7    | Found a huge runed gate.
 99262 | Dis:7    | Found a huge runed gate.
 99262 | Dis:7    | Found a huge runed gate.
 99262 | Dis:7    | Found a huge runed gate.
 99262 | Dis:7    | Found a huge runed gate.
 99262 | Dis:7    | Found a huge runed gate.
 99262 | Dis:7    | Found a huge runed gate.
 99623 | Dis:7    | Found a huge runed gate.
 99631 | Dis:7    | Found a huge runed gate.
102307 | Dis:7    | Identified the +10 long sword of the Hidden Vale {freeze,
                  | Int+4 Dex+3 SInv Stlth+}
103543 | Dis:7    | Found the +4 staff of Dispater
103543 | Dis:7    | Noticed Dispater
103551 | Dis:7    | Killed Dispater
103619 | Dis:7    | Got an iron rune of Zot
103676 | Dis:7    | Found the +18 shield of the Gong {rElec rN+ Will+ EV-5}
104503 | Vaults:1 | Killed CryoSword's ghost
104746 | Tomb:1   | Entered Level 1 of the Tomb of the Ancients
104952 | Tomb:1   | Noticed a royal mummy
104954 | Tomb:1   | Killed a royal mummy
104969 | Tomb:1   | Noticed a royal mummy
104969 | Tomb:1   | Noticed a royal mummy
104972 | Tomb:1   | Killed a royal mummy
104973 | Tomb:1   | Killed a royal mummy
104976 | Tomb:1   | Noticed a royal mummy
104978 | Tomb:1   | Noticed a royal mummy
104979 | Tomb:1   | Noticed a royal mummy
104980 | Tomb:1   | Noticed a royal mummy
104981 | Tomb:1   | Paralysed by a Zot trap for 2 turns
104981 | Tomb:1   | Noticed a royal mummy
105008 | Tomb:1   | Identified the +1 pair of boots "Urez" {*Slow rF++}
105271 | Tomb:1   | Killed a royal mummy
105293 | Tomb:1   | Noticed a royal mummy
105360 | Tomb:1   | Killed a royal mummy
105365 | Tomb:1   | Noticed a royal mummy
105371 | Tomb:1   | Killed a royal mummy
105600 | Tomb:1   | Noticed a royal mummy
105609 | Tomb:1   | Killed a royal mummy
105616 | Tomb:1   | Killed a royal mummy
105840 | Tomb:1   | Noticed a royal mummy
105845 | Tomb:1   | Killed a royal mummy
105851 | Tomb:1   | Noticed a royal mummy
105853 | Tomb:1   | Noticed a royal mummy
105855 | Tomb:1   | Killed a royal mummy
105855 | Tomb:1   | Killed a royal mummy
105856 | Tomb:1   | Killed a royal mummy
106051 | Tomb:1   | Noticed a royal mummy
106053 | Tomb:1   | Killed a royal mummy
106161 | Tomb:1   | Killed a royal mummy
106325 | Tomb:1   | Killed a royal mummy
106353 | Tomb:1   | Identified the +7 glaive of Accord {pain, MP+9 Str+2}
106398 | Tomb:1   | Noticed a royal mummy
106403 | Tomb:1   | Killed a royal mummy
106497 | Tomb:1   | Noticed a royal mummy
106500 | Tomb:1   | Killed a royal mummy
106503 | Tomb:1   | Noticed a royal mummy
106508 | Tomb:1   | Killed a royal mummy
106588 | Tomb:1   | Reached skill level 27 in Conjurations
107059 | Tomb:2   | Noticed a royal mummy
107059 | Tomb:2   | Noticed a royal mummy
107059 | Tomb:2   | Noticed a royal mummy
107059 | Tomb:2   | Noticed a royal mummy
107074 | Tomb:2   | Killed a royal mummy
107075 | Tomb:2   | Killed a royal mummy
107075 | Tomb:2   | Killed a royal mummy
107077 | Tomb:2   | Killed a royal mummy
107984 | Tomb:3   | Entered Level 3 of the Tomb of the Ancients
107999 | Tomb:3   | Noticed a royal mummy
108005 | Tomb:3   | Killed a royal mummy
108010 | Tomb:3   | Noticed a royal mummy
108013 | Tomb:3   | Noticed a royal mummy
108014 | Tomb:3   | Killed a royal mummy
108014 | Tomb:3   | Noticed a royal mummy
108015 | Tomb:3   | Killed a royal mummy
108341 | Tomb:3   | Identified the +1 leather armour of Gallantry {Contam Str+2
                  | Int+3}
108345 | Tomb:3   | Noticed a royal mummy
108346 | Tomb:3   | Killed a royal mummy
108347 | Tomb:3   | Killed a royal mummy
108362 | Tomb:3   | Noticed a royal mummy
108364 | Tomb:3   | Killed a royal mummy
108370 | Tomb:3   | Noticed a royal mummy
108372 | Tomb:3   | Killed a royal mummy
108373 | Tomb:3   | Noticed a royal mummy
108560 | Tomb:3   | Killed a royal mummy
108893 | Tomb:3   | Identified the +1 scimitar of Faps {vorpal, Fly rPois MP-9
                  | Str+4}
108926 | Tomb:3   | Noticed Jory
108929 | Tomb:3   | Killed Jory
108970 | Tomb:3   | Got a golden rune of Zot
109054 | Tomb:3   | Identified the +2 glaive of Mamefoer {pain, rN+ Int+3}
109576 | Depths:3 | Acquired the ring of Geefehio {Wiz rF+ Str+3}
109685 | Geh:1    | Entered Level 1 of Gehenna
110127 | Geh:2    | Reached skill level 27 in Shields
110287 | Geh:2    | Reached skill level 27 in Fighting
113810 | Zot:2    | Noticed Netemen's ghost (master GnFi)
113812 | Zot:2    | Found a runed translucent door.
113890 | Zot:2    | Killed Netemen's ghost
114951 | Geh:7    | Entered Level 7 of Gehenna
115980 | Zot:3    | Got the Catalogue of Doomed Combat Magic
116595 | Geh:7    | Reached skill level 27 in Spellcasting
117067 | Zot:3    | Reached skill level 5 in Dodging
117200 | Zot:3    | You are sucked into a shaft and drop 1 floor!
119108 | Geh:7    | Reached skill level 10 in Dodging
119626 | Geh:7    | Identified the ring "Eskobith" {rPois Str+6 Dex+2 Slay+2}
120101 | Geh:7    | Lost dexterity.
120647 | Zot:5    | Entered Level 5 of the Realm of Zot
120974 | Zot:5    | Noticed a dread lich
120974 | Zot:5    | Noticed an orb of fire
120976 | Zot:5    | Killed a dread lich
120980 | Zot:5    | Noticed a dread lich
120981 | Zot:5    | Noticed an ancient lich
120992 | Zot:5    | Gained mutation: Your body sometimes deteriorates upon
                  | taking damage. [mutagenic glow]
121000 | Zot:5    | Noticed a dread lich
121007 | Zot:5    | Gained mutation: Your spells are a little easier to cast,
                  | but a little less powerful. [mutagenic glow]
121018 | Zot:5    | Killed a dread lich
121019 | Zot:5    | Killed an ancient lich
121019 | Zot:5    | Killed a dread lich
121021 | Zot:5    | Killed an orb of fire
121037 | Zot:5    | Gained mutation: You are agile. (Dex +2) [mutagenic glow]
121812 | Geh:7    | Reached skill level 15 in Dodging
121905 | Geh:7    | Found the +7 sceptre of Asmodeus
121905 | Geh:7    | Noticed Asmodeus
121915 | Geh:7    | Killed Asmodeus
122162 | Geh:7    | Identified the +2 pair of gloves of Failure {rPois}
122164 | Geh:7    | Identified the +0 cloak "Koxial" {rC- Int+6}
122172 | Geh:7    | Identified the +1 robe of the Wilderness {rF- SInv Stlth+
                  | Archmagi}
122203 | Geh:7    | Got an obsidian rune of Zot
122340 | Tar:1    | Entered Level 1 of Tartarus
122746 | Tar:1    | You are sucked into a shaft and drop 1 floor!
123457 | Coc:1    | Entered Level 1 of Cocytus
123457 | Coc:1    | Noticed an ancient lich
123460 | Coc:1    | Killed an ancient lich
123590 | Coc:1    | Paralysed by a wendigo for 1 turns
124509 | Coc:3    | Noticed an ancient lich
124512 | Coc:3    | Killed an ancient lich
125361 | Coc:5    | You are sucked into a shaft and drop 1 floor!
125631 | Coc:7    | Entered Level 7 of Cocytus
127868 | Coc:7    | Identified the ring "Yggerey" {Fire Fly Dex+2}
127868 | Coc:7    | Noticed Antaeus
127894 | Coc:7    | Killed from afar by Antaeus

Illustrated notes

Levels and vault maps discovered:
D:1:      dpeg_arrival_signposts, layout_loops_ring,
          dreamdust_ecumenical_altar_angels_and_demons, nrook_campfire
D:2:      layout_rooms, serial_forest, infiniplex_forest_clump_large,
          infiniplex_forest_join, infiniplex_forest_zigzag_2,
          infiniplex_forest_lined_3, infiniplex_forest_clump_C, basic_altar
D:3:      layout_loops_cross, nicolae_ashenzari_skybound,
          nicolae_tso_besieged_by_evil, marbit_many_paths
D:4:      layout_gridville, lemuel_round_altar, serial_forest,
          infiniplex_forest_straight_4, infiniplex_forest_lined_room_,
          infiniplex_forest_lined_2, infiniplex_forest_clump_medium,
          infiniplex_forest_clump_double, uniq_pikel, uniq_sigmund, uniq_ijyb
D:5:      layout_loops_corners, zin_angel, serial_shops, shop_statue,
          eino_small_chamber_without_monster, nicolae_shop_sticking_my_neck_out,
          uniq_blork_the_orc
D:6:      layout_rooms, kennysheep_generic_room_15
D:7:      layout_loops_ring, grunt_temple_overflow_champion_of_chaos,
          nicolae_vehumet_altar_sigil, minmay_temple_entry_proselytizer,
          enter_bailey_2, grunt_decor_resistance, chequers_jeans
D:8:      kennysheep_seaside_town, layout_basic, overflow_temple_1_default
D:9:      layout_long_grid, nicolae_ru_great_annihilating_truth,
          minmay_diced_spiral, uniq_gastronok, uniq_erolcha
D:10:     layout_basic
D:11:     layout_loops_ring, ebering_ghost_rock_garden, hangedman_decor_push,
          eat_drink_and_be_merry_uskayaw
D:12:     layout_loops_ring, orc_david_3, serial_shops, shop
D:13:     cheibrodos_tormentor_scu, layout_loops_cross,
          grunt_vaults_entry_tiered
D:14:     layout_basic, serial_shops, nicolae_shop_trees, hex_medium,
          hangedman_decor_peaks_small, hangedman_parallel_progression,
          uniq_frances
D:15:     hangedman_slaughterboxes, uniq_jorgrun, uniq_agnes, uniq_nessos
Temple:   nicolae_temple_hex_pool
Lair:1:   layout_roguey, nicolae_lair_liquid_snakes, serial_bayou_shore_a,
          uniq_fannar
Lair:2:   layout_long_grid, beast_lair_carwin_2
Lair:3:   layout_regular_city, swamp_mist, guppyfry_snake_entry_island,
          gammafunk_ghost_grave, serial_bayou_shore_b
Lair:4:   layout_gridlike, nicolae_volcano_entry_s_turn, minivault_27
Lair:5:   layout_loops_ring, minmay_slime_entry_pillars, grunt_megastairs_3,
          infiniplex_staircase_pool
Lair:6:   due_jungle_book, layout_small_grid, gammafunk_ghost_grave,
          grunt_forest_large_clearings, serial_bayou_shore_b
Swamp:1:  layout_falls_marsh, nicolae_swamp_treefoil
Swamp:2:  layout_falls_marsh, evilmike_swamp_ruin_house_6
Swamp:3:  layout_basic_swamp, serial_swamp_ruin, hangedman_swamp_ruin_hall,
          evilmike_swamp_ruin_rubble_2, swamp_pool1, beargit_kiku_chapel
Swamp:4:  swamp_old_school, layout_basic_swamp, swamp_pool4,
          nicolae_swamp_dense_foliage
Snake:1:  layout_layer_cave, serial_shops, shop, basic_altar,
          serial_bayou_shore_b, uniq_aizul
Snake:2:  minmay_snake_river, layout_cave_shapes, special_room,
          grunt_megastairs_4
Snake:3:  layout_misc_corridors, serial_bayou_shore_b, uniq_vashnia
Snake:4:  johnstein_snake_rune_scales, layout_layer_cave, special_room,
          serial_shops, nicolae_shop_crystal, nicolae_shop_hallway_stairs,
          hangedman_snake_wide_pillar_pass, serial_bayou_shore_b
Slime:1:  layout_caves
Slime:2:  layout_caves, uniq_dissolution
Slime:3:  layout_caves
Slime:4:  layout_caves, cheibrodos_slime_lost_civilization_4
Slime:5
Orc:1:    layout_caves, basic_altar, gammafunk_ghost_split
Orc:2:    kennysheep_orc_mage_school, layout_diamond_mine, basic_altar,
          serial_shops, nicolae_shop_behind_doors
Elf:1:    eino_elf_arrival_altar, layout_geoelf_grid, minmay_elf_demonology
Elf:2:    elven_hall_of_blades_hangedman_alternative
          [nicolae_blade_entry_hurt_lockers], layout_geoelf_octagon,
          serial_shops, shop
Elf:3:    nooodl_elf_gasket, layout_geoelf_grid, ebering_ghost_disaster_area,
          uniq_asterion
Vaults:1: gammafunk_ghost_cemetery, v_misc_28, nicolae_vaults_asterisk,
          hangedman_vaults_capsules, v_misc_5,
          nicolae_vaults_network_quinsquares
          [nicolae_vaults_network_quincunx_subvault,
          nicolae_vaults_network_quincunx_subvault,
          nicolae_vaults_network_quincunx_subvault,
          nicolae_vaults_network_quincunx_subvault], vaults_dpeg_encased_lava,
          v_misc_9, st_greater_box_5, nicolae_vaults_three_branches,
          grunt_vaults_hallway_short, layout_vaults_omnibox, serial_shops,
          nicolae_shop_trees
Vaults:2: grunt_vaults_trifunnel, v_pattern_2, ontoclasm_vaults_bender,
          v_rooms_5, hangedman_vaults_slice, minmay_crypt_entry_necro_gods,
          vaults_dpeg_cross, nicolae_vaults_little_squares_6,
          grunt_vaults_diagonal, v_rooms_4, vaults_dpeg_ring, v_misc_12,
          ontoclasm_vaults_twist, layout_vaults_ring, serial_shops,
          nicolae_lakefront_shop
Vaults:3: v_misc_5, grunt_vaults_twisty, nicolae_vaults_network_s,
          nicolae_vaults_alarming, v_misc_28, v_misc_9,
          vaults_room_hangedman_quadrants, layout_vaults_quadrants
Vaults:4: v_misc_23, vaults_room_ringed_pool, ontoclasm_vaults_spin,
          grunt_vaults_hallway_long, nicolae_vaults_arrows,
          hangedman_vaults_maws, v_misc_32, ontoclasm_vaults_loading_screen,
          ontoclasm_vaults_chip, nicolae_vaults_little_squares_3,
          layout_vaults_chaotic_city, uniq_margery, uniq_bai_suzhen
Vaults:5
Crypt:1:  layout_regular_city, grunt_crypt_arrival_webbed, grunt_megastairs_5
Crypt:2:  layout_rooms, roderic_lattice_octagonal_star
Crypt:3:  grunt_crypt_end_deaths_head
Tomb:1
Tomb:2
Tomb:3:   uniq_jory
Depths:1: layout_cave_pools, abyss_entry, grunt_pan_entry_in_and_out,
          hell_entry, nicolae_dithmenos_shadow_blocks, grunt_decor_cap,
          kennysheep_nub, minmay_starry_boxes
Depths:2: minmay_the_grid_octo_triangle [minmay_the_grid_octo_focus,
          minmay_the_grid_octo_prize_big_c, minmay_the_grid_octo_clover_2],
          layout_honeycomb, hell_entry, rand_demon_pan_entry_4,
          minmay_staircase_statues_hall_small
Depths:3: giant_chief_lemuel, layout_basic, enter_ziggurat_d, abyss_entry,
          nicolae_trove_entry_columns, xom_teletrap_fun,
          grunt_hell_entry_dis_old, uniq_frederick, uniq_xtahua
Depths:4: grunt_zot_entry_gee_three, layout_long_grid, rand_demon_pan_entry_8,
          abyss_entry, hell_entry, due_unseen_surprise
Hell
Dis:1:    layout_jigsaw
Dis:2:    layout_regular_city, nicolae_dis_big_boring_drill
Dis:3:    layout_subdivisions, evilmike_ambush [evilmike_ambush_outer_doors,
          evilmike_ambush_inner_pond]
Dis:4:    layout_jigsaw, nicolae_dis_metal_dragon_surprise
Dis:5:    layout_regular_city
Dis:6:    layout_subdivisions
Dis:7:    iron_city_of_dis [dis_grunt, dis_wall_6], layout_gridville,
          not_door_vault_due
Geh:1:    layout_gehenna_lava_caves
Geh:2:    layout_gehenna_lava_caves
Geh:3:    layout_gehenna_pools_basic, minmay_fire_ice_demons
Geh:4:    layout_gehenna_pools_box
Geh:5:    layout_gehenna_pools_triple
Geh:6:    layout_gehenna_lava_caves
Geh:7:    geh_mu
Coc:1:    layout_ice_bergs
Coc:2:    layout_cocytus_water_paths
Coc:3:    layout_ice_bergs
Coc:4:    layout_ice_bergs
Coc:5:    layout_cocytus_water_paths
Coc:6:    layout_cocytus_water_paths
Coc:7:    coc_old
Tar:1:    layout_honeycomb
Tar:2:    layout_cathedral_of_symmetry
Zot:1:    layout_onion
Zot:2:    layout_gridville, hellmonk_ghost_big_iron
Zot:3:    layout_misc_corridors
Zot:4:    layout_gridlike
Zot:5:    layout_basic

Skill      XL: |  1  2  3  4  5  6  7  8  9 10 11 12 13 14 15 16 17 18 19 20 21 22 23 24 25 26 27 |
---------------+----------------------------------------------------------------------------------+-----
Earth Magic    | 4 5 7 8 9 11 13 14 15 16 18 19 20 21 22 24 25 26 27 | 27.0
Spellcasting   | 3 4 5 6 7 8 9 10 11 12 13 14 15 16 17 18 19 20 27 | 27.0
Fighting       | 1 5 7 9 10 12 13 14 15 16 17 18 19 20 21 22 27 | 27.0
Conjurations   | 5 9 12 14 15 16 17 18 19 20 21 22 23 27 | 27.0
Shields        | 2 5 7 9 11 12 13 14 15 16 17 18 19 21 27 | 27.0
Summonings     | 2 5 6 7 |  7.4
Dodging        | 20 | 20.9
Stealth        | |  2.1
Transmutations | |  0.7

Action                   |  1- 3 |  4- 6 |  7- 9 | 10-12 | 13-15 | 16-18 | 19-21 | 22-24 | 25-27 || total
-------------------------+-------+-------+-------+-------+-------+-------+-------+-------+-------++-------
Melee: Unarmed           |     2 |       |       |       |       |       |       |       |       ||     2
       Dagger            |    29 |       |       |       |       |       |       |       |       ||    29
       Club              |    11 |       |       |       |       |       |       |       |       ||    11
       Punch             |     2 |       |     1 |       |       |       |       |       |       ||     3
       Staff             |    11 |    70 |    28 |    22 |    41 |    42 |    17 |    16 |    10 ||   257
 Cast: Sandblast         |    36 |    35 |    91 |    44 |    35 |     6 |       |       |       ||   247
       Stone Arrow       |       |       |    46 |   334 |   660 |   651 |   771 |   826 |   813 ||  4101
       Conjure Flame     |       |       |       |     2 |     8 |       |       |     4 |     1 ||    15
       Iskenderun's Batt |       |       |       |       |    30 |    74 |   127 |   146 |   210 ||   587
       Iron Shot         |       |       |       |       |   100 |   191 |   157 |   122 |   742 ||  1312
       Blink             |       |       |       |       |     4 |     3 |     3 |       |     3 ||    13
       Spellforged Servi |       |       |       |       |       |       |    26 |    94 |    44 ||   164
       Lehudib's Crystal |       |       |       |       |       |       |       |     4 |    73 ||    77
       Shatter           |       |       |       |       |       |       |       |     2 |   641 ||   643
       Swiftness         |       |       |       |       |       |       |       |       |     8 ||     8
  Use: Scroll            |     1 |       |    17 |       |    14 |     4 |     8 |    10 |    31 ||    85
       Potion            |       |       |       |       |     1 |     1 |    13 |     3 |    34 ||    52
 Stab: Sleeping          |     1 |     4 |       |       |       |       |       |       |       ||     5
       Petrified         |       |       |       |       |     1 |       |       |       |       ||     1
Armor: Robe              |    20 |    29 |    22 |    68 |   165 |   248 |   229 |   224 |   390 ||  1395
Dodge: Dodged            |    43 |    42 |    25 |   142 |   251 |   184 |   161 |   166 |   273 ||  1287
       Repelled          |       |       |       |     2 |     8 |    17 |     6 |     5 |    35 ||    73
Block: Buckler           |       |       |       |       |    95 |    60 |       |       |       ||   155
       Kite shield       |       |       |       |       |       |    66 |   259 |   252 |   739 ||  1316
       Reflection        |       |       |       |       |       |    22 |    44 |    27 |    17 ||   110
       Tower shield      |       |       |       |       |       |       |       |       |    58 ||    58
